[Event "ICC tourney 2772 (25 5)"]
[Site "Internet Chess Club"]
[Date "2021.12.19"]
[Round "1"]
[White "SHRIRAM , RISHABH:rcastleking"]
[Black "LIN, ARIS:ArisL"]
[Result "0-1"]
[ICCResult "White checkmated"]
[WhiteElo "398"]
[BlackElo "760"]
[Opening "Scandinavian defense"]
[ECO "B01"]
[NIC "SD.03"]
[Time "11:01:29"]
[PlyCount "34"]
[TimeControl "1500+5"]

1. e4 d5 2. exd5 Nf6 3. Nc3 Nxd5 4. Nxd5 Qxd5 5. Nf3 Nc6 6. Bd3 e5 7. O-O e4
8. Re1 Be7 9. Rxe4 Bf5 10. Re5 Nxe5 11. Bxf5 O-O 12. d4 Nxf3+ 13. Qxf3 Qxd4
14. Be3 Qxb2 15. Re1 Rad8 16. Qxb7 Qc3 17. Bxa7 Qxe1# {White checkmated} 0-1

[Event "ICC tourney 2772 (25 5)"]
[Site "Internet Chess Club"]
[Date "2021.12.19"]
[Round "1"]
[White "MILCHEVSKIY, TIMOTHY:TimothyPM"]
[Black "HANEGBY, MIKA:Malca30"]
[Result "1-0"]
[ICCResult "Black checkmated"]
[WhiteElo "714"]
[BlackElo "176"]
[Opening "Ponziani: Jaenisch counter-attack"]
[ECO "C44"]
[NIC "KP.05"]
[Time "11:00:20"]
[PlyCount "75"]
[TimeControl "1500+5"]

1. e4 e5 2. Nf3 Nc6 3. c3 Nf6 4. d4 exd4 5. cxd4 d6 6. e5 Nxe5 7. dxe5 dxe5
8. Qxd8+ Kxd8 9. Bc4 Bf5 10. Nc3 Bc5 11. O-O Rc8 12. Bxf7 Rf8 13. Rd1+ Bd6
14. Bc4 Nd7 15. Bg5+ Nf6 16. Nxe5 h6 17. Bxf6+ gxf6 18. Nf3 Rg8 19. g3 Ra8
20. Nb5 c6 21. Bxg8 Bd7 22. Nxd6 Rc8 23. Nxb7+ Ke8 24. Nc5 Bf5 25. Nd4 Bg4
26. Re1+ Kd8 27. Nce6+ Kd7 28. Nc5+ Kc7 29. Be6 Re8 30. Bxg4 Rd8 31. Nde6+
Kc8 32. Nxd8+ Kxd8 33. Rad1+ Kc7 34. Ne6+ Kb7 35. b4 Kb8 36. Rd7 Kc8 37. Nc5
Kb8 38. Re8# {Black checkmated} 1-0

[Event "ICC tourney 2772 (25 5)"]
[Site "Internet Chess Club"]
[Date "2021.12.19"]
[Round "1"]
[White "LI, KATE LEYI:kately"]
[Black "WONG OKYERE, DARWIN  CAIUS:spicycanvas"]
[Result "1/2-1/2"]
[ICCResult "White stalemated"]
[WhiteElo "417"]
[BlackElo "836"]
[Opening "Four knights: Spanish, classical defense"]
[ECO "C48"]
[NIC "KP.03"]
[Time "11:00:53"]
[PlyCount "86"]
[TimeControl "1500+5"]

1. e4 e5 2. Nf3 Nc6 3. Nc3 Nf6 4. Bb5 Bc5 5. Bxc6 dxc6 6. d3 Be6 7. Bg5 h6
8. Bxf6 Qxf6 9. O-O O-O 10. d4 exd4 11. e5 Qg6 12. Na4 Bh3 13. Nh4 Qg5 14.
g3 Bxf1 15. Qxf1 f6 16. Nxc5 fxe5 17. Ne6 Qf6 18. Nxf8 Rxf8 19. Qc4+ Kh8 20.
Rf1 b5 21. Qd3 c5 22. Ng6+ Kg8 23. Nxf8 Kxf8 24. Qxb5 Kg8 25. Qxc5 e4 26.
Qxc7 d3 27. cxd3 exd3 28. Re1 d2 29. Qc4+ Kh8 30. Qd3 dxe1=Q+ 31. Kg2 Qc6+
32. f3 Qec1 33. Qd8+ Kh7 34. Qd3+ g6 35. Qe4 Q1c2+ 36. Qxc2 Qxc2+ 37. Kh3
Qxb2 38. g4 Qxa2 39. Kh4 Qe6 40. f4 Qf6+ 41. g5 hxg5+ 42. fxg5 Qf4+ 43. Kh3
Qxg5 {White stalemated} 1/2-1/2

[Event "ICC tourney 2772 (25 5)"]
[Site "Internet Chess Club"]
[Date "2021.12.19"]
[Round "1"]
[White "Gomorev, Tim:timmygm"]
[Black "ORSZAG, JAKE SPENCER:JakeOrszag"]
[Result "1-0"]
[ICCResult "Black checkmated"]
[WhiteElo "801"]
[BlackElo "397"]
[Opening "Ruy Lopez: Anderssen variation"]
[ECO "C77"]
[NIC "RL.12"]
[Time "11:01:09"]
[PlyCount "61"]
[TimeControl "1500+5"]

1. e4 e5 2. Nf3 Nc6 3. Bb5 a6 4. Ba4 Nf6 5. d3 d6 6. h3 Be6 7. O-O d5 8.
Nxe5 Bd6 9. Nxc6 Qd7 10. exd5 Bxd5 11. Re1+ Be6 12. d4 bxc6 13. Bb3 c5 14.
d5 Nxd5 15. Bxd5 Qe7 16. Bxa8 Kd7 17. Bd5 Re8 18. Bxe6+ Qxe6 19. Rxe6 Rxe6
20. Bf4 Ke7 21. Bxd6+ cxd6 22. Nc3 f6 23. Nd5+ Kd7 24. Nb6+ Kc7 25. Na8+ Kb7
26. Qf3+ d5 27. Qxd5+ Rc6 28. Re1 Kxa8 29. Qxc6+ Ka7 30. Re7+ Kb8 31. Qe8#
{Black checkmated}
1-0

[Event "ICC tourney 2772 (25 5)"]
[Site "Internet Chess Club"]
[Date "2021.12.19"]
[Round "1"]
[White "CHEN, WINSTON:wcsja"]
[Black "MAZUR, BRODY:bmnyc"]
[Result "1-0"]
[ICCResult "Black checkmated"]
[WhiteElo "864"]
[BlackElo "406"]
[Opening "Giuoco Pianissimo: Italian four knights variation"]
[ECO "C50"]
[NIC "IG.02"]
[Time "11:01:09"]
[PlyCount "105"]
[TimeControl "1500+5"]

1. e4 e5 2. Nf3 Nc6 3. Bc4 Bc5 4. Nc3 Nf6 5. d3 O-O 6. O-O d6 7. Bd2 Bg4 8.
h3 Bh5 9. Be3 Nd4 10. Bxd4 exd4 11. Nd5 Nxd5 12. Bxd5 Qf6 13. Bxb7 Rab8 14.
Bd5 Rxb2 15. Bb3 Bxf3 16. Qxf3 Qxf3 17. gxf3 Rb8 18. Rfd1 Re8 19. Kf1 Re5
20. f4 Rh5 21. Kg2 g6 22. Rab1 Rxb1 23. Rxb1 c6 24. Ba4 d5 25. Bxc6 dxe4 26.
Bxe4 Rf5 27. Bxf5 gxf5 28. Rb5 Be7 29. Rxf5 Kg7 30. Ra5 Bb4 31. Rxa7 Bc5 32.
Rc7 Bd6 33. Rd7 Bc5 34. a4 Kf6 35. a5 Bb4 36. a6 Bc5 37. Rd5 Ba7 38. Rd7 Bc5
39. a7 Bxa7 40. Rxa7 Kf5 41. Ra4 Kxf4 42. Rxd4+ Kg5 43. c4 Kf5 44. c5 Ke6
45. c6 f5 46. c7 Ke5 47. Rh4 Kd6 48. c8=Q Ke5 49. Rxh7 f4 50. Qe8+ Kf5 51.
Rf7+ Kg5 52. Qg8+ Kh5 53. Rh7# {Black checkmated} 1-0

[Event "ICC tourney 2772 (25 5)"]
[Site "Internet Chess Club"]
[Date "2021.12.19"]
[Round "1"]
[White "RIVERA TORRES, SANTIAGO:barcakidny"]
[Black "WU, DARREN:chessboy111"]
[Result "0-1"]
[ICCResult "White checkmated"]
[WhiteElo "246"]
[BlackElo "724"]
[Opening "Four knights: Spanish, classical defense"]
[ECO "C48"]
[NIC "KP.03"]
[Time "11:00:19"]
[PlyCount "66"]
[TimeControl "1500+5"]

1. e4 e5 2. Nf3 Nc6 3. Nc3 Nf6 4. Bb5 Bc5 5. O-O d6 6. Bxc6+ bxc6 7. Ng5 O-O
8. d3 h6 9. Nf3 Be6 10. Be3 Bb6 11. a4 a5 12. Nh4 Bxe3 13. fxe3 Nxe4 14.
dxe4 Qxh4 15. g3 Qh3 16. Rf3 Bg4 17. Rf2 Bxd1 18. Rxd1 f5 19. exf5 Rxf5 20.
Rdf1 Rxf2 21. Rxf2 Rf8 22. g4 Rxf2 23. Kxf2 Qxh2+ 24. Ke1 Qxc2 25. Kf1 g6
26. Ke1 h5 27. gxh5 gxh5 28. Kf1 h4 29. Kg1 h3 30. Kf1 h2 31. Ne2 h1=Q+ 32.
Ng1 Qcg2+ 33. Ke1 Qhxg1# {White checkmated} 0-1

[Event "ICC tourney 2772 (25 5)"]
[Site "Internet Chess Club"]
[Date "2021.12.19"]
[Round "1"]
[White "BYSIEK, SYLVIA GRACE:SylviaGrace"]
[Black "Bapuram, Aadya:AadyaB"]
[Result "0-1"]
[ICCResult "White checkmated"]
[WhiteElo "743"]
[BlackElo "345"]
[Opening "Two knights defense (Modern bishop's opening)"]
[ECO "C55"]
[NIC "IG.01"]
[Time "11:01:09"]
[PlyCount "86"]
[TimeControl "1500+5"]

1. e4 e5 2. Nf3 Nc6 3. Bc4 Nf6 4. d3 h6 5. c3 d6 6. O-O g5 7. Nxg5 hxg5 8.
Bxg5 Bg7 9. Nd2 Bd7 10. Re1 Qe7 11. Nf1 O-O-O 12. Ng3 Be6 13. Bb5 Kb8 14.
Bxc6 bxc6 15. Qa4 Bd7 16. Qb4+ Ka8 17. d4 Rb8 18. Qa5 Bh6 19. Bh4 Be6 20.
dxe5 dxe5 21. Rad1 Rb5 22. Qa6 Rb6 23. Qa5 Rb5 24. Qa6 Rb6 25. Qa5 Rb5 26.
Qa6 Rb6 27. Qa5 Rb5 28. Qa6 Rb6 29. Qa5 Bc4 30. b3 Ra6 31. Qb4 Qxb4 32. cxb4
Be6 33. a4 Bxb3 34. b5 Rxa4 35. bxc6 Bxd1 36. Rxd1 Nxe4 37. Nf5 Bg5 38. Bxg5
Nxg5 39. h3 Ne4 40. Rd7 Ra1+ 41. Kh2 Rg8 42. Rxc7 Nxf2 43. Rd7 Rh1#
{White checkmated}
0-1

[Event "ICC tourney 2772 (25 5)"]
[Site "Internet Chess Club"]
[Date "2021.12.19"]
[Round "1"]
[White "LI, ELLA XINYI:ellaxy"]
[Black "VIJEYANANDH, VISHNU:vishnuvijey"]
[Result "1/2-1/2"]
[ICCResult "Black stalemated"]
[WhiteElo "752"]
[BlackElo "393"]
[Opening "Giuoco Piano: four knights variation"]
[ECO "C47"]
[NIC "KP.06"]
[Time "11:03:09"]
[PlyCount "121"]
[TimeControl "1500+5"]

1. e4 e5 2. Nf3 Nc6 3. Nc3 Nf6 4. Bc4 Bc5 5. Ng5 O-O 6. O-O h6 7. Nf3 d6 8.
h3 Be6 9. Bxe6 fxe6 10. d3 Qe7 11. Re1 Rae8 12. Be3 Bb6 13. Bxb6 axb6 14. d4
exd4 15. Nxd4 Nxd4 16. Qxd4 e5 17. Qc4+ Kh8 18. Nd5 Nxd5 19. Qxd5 c6 20. Qb3
b5 21. a4 bxa4 22. Qxa4 Qf7 23. Rf1 Re7 24. Qb3 Qxb3 25. cxb3 Kh7 26. Rad1
Rd7 27. b4 d5 28. exd5 cxd5 29. Rfe1 Re8 30. Rd2 Kg6 31. Rde2 Rde7 32. Rd1
Rd8 33. f4 Kf5 34. fxe5 Rxe5 35. Rxe5+ Kxe5 36. Re1+ Kd6 37. Kf2 Kc6 38.
Rc1+ Kb6 39. Rc3 Ka7 40. Ke3 Kb8 41. Kd4 g5 42. Rc5 Ka7 43. Rxd5 Rxd5+ 44.
Kxd5 Kb6 45. Kc4 Kc6 46. Kb3 Kd5 47. Ka4 Ke4 48. Kb5 Ke3 49. Kb6 Kf2 50.
Kxb7 Kxg2 51. Kc6 Kh2 52. b5 Kxh3 53. b6 g4 54. b7 g3 55. b8=Q g2 56. Qb6
g1=Q 57. Qxg1 Kh4 58. b3 Kh3 59. b4 h5 60. b5 h4 61. b6 {Black stalemated}
1/2-1/2

[Event "ICC tourney 2772 (25 5)"]
[Site "Internet Chess Club"]
[Date "2021.12.19"]
[Round "1"]
[White "TUDORACHE, CRISTIAN DUMITRU:K03-17327536"]
[Black "LaRose, Benjamin:benlarose"]
[Result "1-0"]
[ICCResult "Black checkmated"]
[WhiteElo "997"]
[BlackElo "555"]
[Opening "Giuoco Pianissimo: Italian four knights variation"]
[ECO "C47"]
[NIC "KP.06"]
[Time "11:00:19"]
[PlyCount "91"]
[TimeControl "1500+5"]

1. e4 e5 2. Nf3 Nc6 3. Nc3 Nf6 4. Bc4 Bc5 5. d3 h6 6. h3 d6 7. Be3 Bb6 8. a4
Be6 9. Qd2 O-O 10. Bxe6 fxe6 11. g4 d5 12. Bxh6 gxh6 13. Qxh6 dxe4 14. Qg6+
Kh8 15. Nxe4 Rg8 16. Qxf6+ Qxf6 17. Nxf6 Rgf8 18. g5 Nd4 19. Nxd4 Bxd4 20.
c3 Bc5 21. b4 Bd6 22. h4 Be7 23. Nd7 Rfd8 24. Nxe5 Rd5 25. Ng6+ Kg7 26. Nxe7
Rxd3 27. h5 Rxc3 28. Ng6 Rb3 29. b5 c5 30. bxc6 bxc6 31. Ne5 c5 32. h6+ Kh7
33. g6+ Kh8 34. g7+ Kh7 35. Nf7 c4 36. Ng5+ Kg6 37. Kd2 c3+ 38. Kc2 Rb6 39.
Rae1 Kxg5 40. h7 Kg6 41. g8=Q+ Rxg8 42. hxg8=Q+ Kf6 43. Rh6+ Kf5 44. Qg6+
Kf4 45. Rh4+ Kf3 46. Qg3# {Black checkmated} 1-0

[Event "ICC tourney 2772 (25 5)"]
[Site "Internet Chess Club"]
[Date "2021.12.19"]
[Round "1"]
[White "PRAKASAN, NEDAS:Nedas15"]
[Black "PALAMARTHY, SHREYA:ShreyaP"]
[Result "0-1"]
[ICCResult "White checkmated"]
[WhiteElo "304"]
[BlackElo "741"]
[Opening "Giuoco Piano"]
[ECO "C50"]
[NIC "IG.02"]
[Time "11:00:15"]
[PlyCount "60"]
[TimeControl "1500+5"]

1. e4 e5 2. Nf3 Nc6 3. Bc4 Bc5 4. O-O Nf6 5. d3 O-O 6. c3 d5 7. Bb3 dxe4 8.
dxe4 Nxe4 9. Qxd8 Rxd8 10. Rd1 Rxd1+ 11. Bxd1 Nxf2 12. Be2 Nd3+ 13. Kf1 Nxc1
14. Bc4 Bf5 15. Nbd2 Bd3+ 16. Bxd3 Nxd3 17. Ne4 Rd8 18. Rd1 Nxb2 19. Rb1 Ba3
20. Ned2 b6 21. Nb3 Rd1+ 22. Rxd1 Nxd1 23. Ke2 Nxc3+ 24. Kd3 Nxa2 25. Ke4
Nc3+ 26. Kf5 f6 27. Nfd2 Kf7 28. Nc4 Be7 29. Ncd2 h5 30. Ne4 g6#
{White checkmated}
0-1

[Event "ICC tourney 2772 (25 5)"]
[Site "Internet Chess Club"]
[Date "2021.12.19"]
[Round "1"]
[White "CHU, LEON:Leonchu"]
[Black "MAZUR, HUDSON:hmnyc"]
[Result "1-0"]
[ICCResult "Black checkmated"]
[WhiteElo "353"]
[BlackElo "752"]
[Opening "Caro-Kann: advance variation"]
[ECO "B12"]
[NIC "CK.04"]
[Time "11:01:09"]
[PlyCount "85"]
[TimeControl "1500+5"]

1. e4 c6 2. d4 d5 3. e5 Bf5 4. Nc3 e6 5. Nf3 c5 6. Be3 b6 7. Bb5+ Nd7 8. Bc6
Rc8 9. Bxd7+ Qxd7 10. h3 h6 11. O-O Ne7 12. b3 Nc6 13. dxc5 Bxc5 14. Bxc5
bxc5 15. Nb5 O-O 16. Nd6 Rcd8 17. a3 f6 18. Nb5 fxe5 19. c3 a6 20. a4 axb5
21. axb5 Ne7 22. Nxe5 Qxb5 23. Nf3 Nc6 24. Qd2 c4 25. b4 Qb7 26. Nd4 Nxd4
27. Qxd4 Rf7 28. Ra2 Re8 29. Rfa1 Ree7 30. Ra8+ Kh7 31. Qc5 Rc7 32. Qd4 Qc6
33. R1a6 Qd7 34. g4 Bg6 35. h4 Be4 36. h5 e5 37. Qxe5 Qxg4+ 38. Kf1 Qg2+ 39.
Ke1 Qxf2+ 40. Kd1 Bc2+ 41. Kc1 Bb3 42. Rxh6+ gxh6 43. Qh8# {Black
checkmated} 1-0

[Event "ICC tourney 2772 (25 5)"]
[Site "Internet Chess Club"]
[Date "2021.12.19"]
[Round "1"]
[White "MUSTO, LUKE:reallopsidedhaw"]
[Black "HANEGBY, OMRI:Melech14"]
[Result "1-0"]
[ICCResult "Black checkmated"]
[WhiteElo "962"]
[BlackElo "498"]
[Opening "Two knights defense (Modern bishop's opening)"]
[ECO "C55"]
[NIC "IG.01"]
[Time "11:01:09"]
[PlyCount "135"]
[TimeControl "1500+5"]

1. e4 e5 2. Nf3 Nc6 3. Bc4 Nf6 4. d3 d5 5. exd5 Nxd5 6. O-O Bd6 7. Bxd5 O-O
8. Be4 f5 9. Bd5+ Kh8 10. Ng5 Qf6 11. Nxh7 Qg6 12. Nxf8 Bxf8 13. Bxc6 bxc6
14. Re1 Bd6 15. Nd2 c5 16. Nf3 Bb7 17. c3 e4 18. dxe4 fxe4 19. Nh4 Qf6 20.
Qh5+ Kg8 21. Qf5 Qxh4 22. g3 Qe7 23. Bg5 Qe5 24. Qxe5 Bxe5 25. Bf4 Bxf4 26.
gxf4 Rf8 27. Kf1 Rxf4 28. Rad1 Rg4 29. Rd7 Ba6+ 30. Re2 Rf4 31. Rxc7 Bd3 32.
Ke1 Rg4 33. Kd2 Bxe2 34. Kxe2 Rg2 35. Rxc5 Rxh2 36. Re5 Rh4 37. Ke3 Kf7 38.
Rxe4 Rh3+ 39. Ke2 g5 40. Ra4 Kf6 41. Rxa7 g4 42. Ra8 Kf5 43. Rf8+ Kg5 44.
f4+ Kg6 45. f5+ Kg7 46. Rb8 g3 47. Kf3 Kf6 48. Kg2 Rh5 49. Kxg3 Rg5+ 50. Kh4
Kxf5 51. Rf8+ Kg6 52. Rg8+ Kf6 53. Rxg5 Ke6 54. Rb5 Kd6 55. Rh5 Kc6 56. Re5
Kd6 57. Rb5 Kc6 58. Rb4 Kc5 59. a4 Kc6 60. a5 Kc5 61. a6 Kc6 62. a7 Kc5 63.
a8=Q Kd6 64. Rd4+ Kc5 65. Qd5+ Kb6 66. Rb4+ Kc7 67. Rb7+ Kc8 68. Qd7#
{Black checkmated}
1-0

[Event "ICC tourney 2772 (25 5)"]
[Site "Internet Chess Club"]
[Date "2021.12.19"]
[Round "1"]
[White "MUNTYANU, ARSENLY:Arsenmunt"]
[Black "YAN, RAYNA:K01-30157975"]
[Result "0-1"]
[ICCResult "White checkmated"]
[WhiteElo "532"]
[BlackElo "964"]
[Opening "QGD: 4.Bg5 Be7"]
[ECO "D53"]
[NIC "QO.13"]
[Time "11:08:21"]
[PlyCount "114"]
[TimeControl "1500+5"]

1. d4 d5 2. c4 e6 3. Nc3 Nf6 4. Bg5 Be7 5. Bxf6 Bxf6 6. Nf3 Nc6 7. e4 dxe4
8. Nxe4 Bxd4 9. Nxd4 Nxd4 10. Nc3 O-O 11. Ne2 Nxe2 12. Bxe2 Bd7 13. Qd3 Qe7
14. O-O Rad8 15. Qa3 Qxa3 16. bxa3 Bc6 17. Rad1 a6 18. Bf3 b6 19. Bxc6 Rd6
20. Rxd6 cxd6 21. Bb7 a5 22. Ba6 d5 23. cxd5 exd5 24. Rd1 Rd8 25. f4 Kf8 26.
Kf2 Ke7 27. Ke3 Ke6 28. g4 f5 29. g5 g6 30. h4 Ra8 31. Bb7 Rd8 32. a4 Rd7
33. Bc6 Rd6 34. Bb7 Rd7 35. Ba8 Rd8 36. Bc6 Rd6 37. Bb5 Rd8 38. a3 Rc8 39.
Kd4 Rc2 40. Re1+ Kd6 41. Re2 Rc1 42. Re8 Rd1+ 43. Kc3 d4+ 44. Kc2 Rh1 45.
Rd8+ Kc5 46. Rc8+ Kd5 47. Rb8 Rh2+ 48. Kd3 Rh3+ 49. Kd2 Rxh4 50. Rxb6 Rxf4
51. Rb7 Rf2+ 52. Ke1 Rh2 53. Rd7+ Ke4 54. Bc4 f4 55. Bg8 d3 56. Bxh7 Ke3 57.
Bxg6 Rh1# {White checkmated} 0-1

[Event "ICC tourney 2772 (25 5)"]
[Site "Internet Chess Club"]
[Date "2021.12.19"]
[Round "1"]
[White "HECHT, HENRY:Henhec1001"]
[Black "QI, KEVIN:charmeleon16"]
[Result "1-0"]
[ICCResult "Black checkmated"]
[WhiteElo "988"]
[BlackElo "550"]
[Opening "English: Anglo-Grünfeld defense"]
[ECO "A16"]
[NIC "EO.52"]
[Time "11:00:28"]
[PlyCount "87"]
[TimeControl "1500+5"]

1. c4 Nf6 2. Nc3 d5 3. cxd5 Nxd5 4. Nf3 g6 5. d4 Bg7 6. g3 O-O 7. Bg2 Nc6 8.
e3 Bg4 9. h3 Bxf3 10. Bxf3 Nxc3 11. bxc3 a5 12. a4 e6 13. Ba3 Qd7 14. Bxf8
Kxf8 15. Rb1 Ra7 16. O-O e5 17. Kg2 exd4 18. cxd4 Nb4 19. Qb3 Kg8 20. Rfc1
b6 21. Bg4 Qd8 22. Rc3 Qa8+ 23. Bf3 Qd8 24. Rbc1 Bf6 25. Rc4 Nd5 26. Bxd5
Qxd5+ 27. f3 Qe6 28. R1c3 Qd7 29. Qb5 Qe7 30. e4 Bg7 31. Qd5 Bf8 32. Qe5 Qd8
33. Rxc7 Rxc7 34. Rxc7 Bd6 35. Rc8 Qxc8 36. Qxd6 Qc2+ 37. Kf1 Qd1+ 38. Kf2
Kg7 39. Ke3 Kh6 40. Qf8+ Kg5 41. h4+ Kf6 42. e5+ Ke6 43. Qd6+ Kf5 44. Qf6#
{Black checkmated}
1-0

[Event "ICC tourney 2772 (25 5)"]
[Site "Internet Chess Club"]
[Date "2021.12.19"]
[Round "1"]
[White "BYSIEK, JULIANA RENEE:JulianaRenee"]
[Black "SPANTZEL, HEIDI:Unblinking"]
[Result "1/2-1/2"]
[ICCResult "White stalemated"]
[WhiteElo "729"]
[BlackElo "281"]
[Opening "Giuoco Piano"]
[ECO "C54"]
[NIC "IG.02"]
[Time "11:00:39"]
[PlyCount "132"]
[TimeControl "1500+5"]

1. e4 e5 2. Nf3 Nc6 3. Bc4 Bc5 4. c3 Nf6 5. d3 d6 6. O-O O-O 7. Nbd2 Be6 8.
Bxe6 fxe6 9. h3 d5 10. Re1 d4 11. c4 Nb4 12. Nxe5 Qd6 13. Nef3 Nxd3 14. Nf1
Nxe1 15. Qxe1 Bb4 16. Qe2 d3 17. Qe3 Bc5 18. Qe1 Qb6 19. Be3 Nxe4 20. Bxc5
Nxc5 21. Ng3 Qxb2 22. Rd1 Qxa2 23. Qe3 Qc2 24. Rf1 Qxc4 25. Nd2 Qc2 26. Nf3
Rad8 27. Nh5 d2 28. Nxd2 Rxd2 29. Qe5 Rf7 30. Qg5 Qf5 31. Qh4 g5 32. Qg3 Qg6
33. Qg4 Qe4 34. Qxg5+ Qg6 35. Qxd2 Qxh5 36. Qb4 Qg5 37. Qxb7 Rg7 38. g3 Nxb7
39. h4 Qd5 40. Kh2 Rd7 41. Kg1 Qd1 42. Rxd1 Rxd1+ 43. Kg2 c5 44. Kf3 c4 45.
Ke2 Rd8 46. Ke3 c3 47. Ke4 c2 48. Ke5 c1=Q 49. Kxe6 Rc8 50. Kd7 Rc2 51. f4
Re2 52. f5 Kg7 53. g4 Qd1+ 54. Kc8 Nc5 55. g5 Re7 56. f6+ Kf7 57. fxe7 Kxe7
58. h5 Qd5 59. g6 hxg6 60. h6 Qg8+ 61. Kc7 Qh7 62. Kc6 Qxh6 63. Kxc5 Qd2 64.
Kc6 Qa5 65. Kb7 Qb6+ 66. Ka8 a5 {White stalemated} 1/2-1/2

[Event "ICC tourney 2772 (25 5)"]
[Site "Internet Chess Club"]
[Date "2021.12.19"]
[Round "1"]
[White "WANG, WYTHE:megaespeon"]
[Black "KUCHIBHATLA, ARNAV:ArnavTheGreat"]
[Result "0-1"]
[ICCResult "White checkmated"]
[WhiteElo "436"]
[BlackElo "866"]
[Opening "Queen's pawn, Mason variation"]
[ECO "D00"]
[NIC "QP.08"]
[Time "11:17:52"]
[PlyCount "134"]
[TimeControl "1500+5"]

1. d4 d5 2. Bf4 Nc6 3. e3 Bf5 4. Bd3 Bxd3 5. cxd3 Nf6 6. Nc3 e6 7. Nge2 a6
8. O-O Bd6 9. Bxd6 Qxd6 10. Re1 O-O 11. Ng3 Rfe8 12. e4 dxe4 13. dxe4 Qxd4
14. Qxd4 Nxd4 15. Rad1 Nc6 16. e5 Nd5 17. Nxd5 exd5 18. f4 Rad8 19. Rd3 f6
20. Rdd1 fxe5 21. fxe5 Rxe5 22. Rxe5 Nxe5 23. Rc1 c6 24. Nf5 Kf8 25. Rf1 Kg8
26. Ne7+ Kh8 27. Rf5 Ng6 28. Nxg6+ hxg6 29. Rg5 Kh7 30. h4 d4 31. Kf1 d3 32.
Ke1 b6 33. Kd2 c5 34. h5 gxh5 35. Rxh5+ Kg6 36. Rh3 c4 37. Rg3+ Kh7 38. Rh3+
Kg8 39. b3 b5 40. bxc4 bxc4 41. a4 Rd4 42. a5 Kf7 43. Rf3+ Kg6 44. Rg3+ Kf6
45. Rf3+ Kg5 46. Rg3+ Rg4 47. Rxg4+ Kxg4 48. Kc3 Kg3 49. Kxc4 d2 50. Kd3
d1=Q+ 51. Kc4 Qf1+ 52. Kc5 Qxg2 53. Kb6 Qf2+ 54. Kxa6 Qf6+ 55. Kb5 Qe5+ 56.
Ka6 Qd6+ 57. Kb5 Qd5+ 58. Ka6 Qc6+ 59. Ka7 Kf4 60. a6 Ke5 61. Kb8 Qxa6 62.
Kc7 Qd6+ 63. Kb7 Kd5 64. Ka8 Qd7 65. Kb8 Kc6 66. Ka8 Kb6 67. Kb8 Qb7#
{White checkmated}
0-1

[Event "ICC tourney 2772 (25 5)"]
[Site "Internet Chess Club"]
[Date "2021.12.19"]
[Round "1"]
[White "KUCHIBHATLA, NITYA:NityaForever"]
[Black "ALKIN, IDO:alkini"]
[Result "0-1"]
[ICCResult "White forfeits on time"]
[WhiteElo "554"]
[BlackElo "989"]
[Opening "Scotch game"]
[ECO "C45"]
[NIC "SO.05"]
[Time "11:00:23"]
[PlyCount "100"]
[TimeControl "1500+5"]

1. e4 e5 2. Nf3 Nc6 3. d4 exd4 4. Nxd4 Bc5 5. Nf3 d6 6. a3 Nf6 7. Nc3 Bg4 8.
Bc4 Ne5 9. Be2 Bxf3 10. Bxf3 Qe7 11. Qe2 O-O 12. O-O h6 13. Be3 Nxf3+ 14.
Qxf3 Bxe3 15. Qxe3 Ng4 16. Qe2 Qh4 17. h3 Nf6 18. f4 Rae8 19. Qf3 Qh5 20.
Qxh5 Nxh5 21. g4 Nf6 22. Rae1 c6 23. Kg2 g5 24. fxg5 Nd7 25. gxh6 Kh7 26. g5
f6 27. h4 fxg5 28. hxg5 Rxf1 29. Rxf1 Kg6 30. h7 Ne5 31. Rh1 Rh8 32. Rh6+
Kxg5 33. Rxd6 Rxh7 34. Re6 Nc4 35. e5 Kf5 36. Re8 Rg7+ 37. Kf3 Nxe5+ 38. Kf2
Nc4 39. Rf8+ Ke6 40. Re8+ Re7 41. Rxe7+ Kxe7 42. b4 Nxa3 43. Ne4 Nxc2 44.
Ke2 Nxb4 45. Kd2 Kd7 46. Kc3 Nd5+ 47. Kc4 Kc7 48. Nc5 Kb6 49. Nd7+ Kc7 50.
Nc5 Nb6+ {White forfeits on time} 0-1

[Event "ICC tourney 2772 (25 5)"]
[Site "Internet Chess Club"]
[Date "2021.12.19"]
[Round "1"]
[White "WEI, STANLEY:K05-17311215"]
[Black "HARTSEL, AUGUST:augustha"]
[Result "0-1"]
[ICCResult "White checkmated"]
[WhiteElo "495"]
[BlackElo "925"]
[Opening "French: Rubinstein variation"]
[ECO "C10"]
[NIC "FR.07"]
[Time "11:13:37"]
[PlyCount "76"]
[TimeControl "1500+5"]

1. e4 e6 2. d4 d5 3. Nc3 dxe4 4. Nxe4 Nc6 5. Bb5 Ne7 6. Nf3 Nf5 7. h3 Be7 8.
Neg5 Bxg5 9. Bxg5 Qd7 10. Ne5 Qd5 11. Bd3 Qxg2 12. Kd2 Qxg5+ 13. Ke1 Nxe5
14. dxe5 O-O 15. Ke2 Nd4+ 16. Kf1 Qxe5 17. c3 Nc6 18. Qc2 h6 19. Re1 Qd5 20.
Be4 Qxa2 21. Rg1 Qa6+ 22. Bd3 Qb6 23. Qd2 g5 24. h4 f6 25. Rxe6 Bxe6 26.
hxg5 hxg5 27. Qe2 Ne5 28. Qh5 Rf7 29. Rh1 Kf8 30. Qh8+ Ke7 31. Qxa8 Nxd3 32.
Rh2 Bh3+ 33. Kg1 Be6 34. Qh8 Qxb2 35. f3 Qc1+ 36. Kg2 Nf4+ 37. Kg3 Qg1+ 38.
Rg2 Qxg2# {White checkmated} 0-1

[Event "ICC tourney 2772 (25 5)"]
[Site "Internet Chess Club"]
[Date "2021.12.19"]
[Round "2"]
[White "LEE, PREM:PremL"]
[Black "MUSTO, LUKE:reallopsidedhaw"]
[Result "1/2-1/2"]
[ICCResult "Game drawn by repetition"]
[WhiteElo "675"]
[BlackElo "962"]
[Opening "two knights defense"]
[ECO "C58"]
[NIC "KP.01"]
[Time "12:32:14"]
[PlyCount "81"]
[TimeControl "1500+5"]

1. e4 e5 2. Nf3 Nc6 3. Bc4 Nf6 4. Ng5 d5 5. exd5 Na5 6. Bb3 Nxb3 7. axb3
Nxd5 8. d3 Nf4 9. Bxf4 exf4 10. Nf3 Qf6 11. Nc3 Bb4 12. Qd2 Bxc3 13. Qxc3
Qxc3+ 14. bxc3 O-O 15. O-O Bg4 16. h3 Bxf3 17. gxf3 f6 18. Rfe1 f5 19. Re5
Rf6 20. Re7 Rc6 21. Ra5 g6 22. Rd5 Rxc3 23. Rdd7 Rc8 24. Rg7+ Kf8 25. Rdf7+
Ke8 26. Re7+ Kf8 27. Rgf7+ Kg8 28. Rg7+ Kf8 29. Rgf7+ Kg8 30. Rg7+ Kf8 31.
Rgf7+ Kg8 32. Rg7+ Kf8 33. Rgf7+ Kg8 34. Rg7+ Kf8 35. Rgf7+ Kg8 36. Rg7+ Kf8
37. Rgf7+ Kg8 38. Rg7+ Kf8 39. Ref7+ Ke8 40. Re7+ Kf8 41. Ref7+
{Game drawn by repetition}
1/2-1/2

[Event "ICC tourney 2772 (25 5)"]
[Site "Internet Chess Club"]
[Date "2021.12.19"]
[Round "2"]
[White "MAZUR, BRODY:bmnyc"]
[Black "WU, TERRAIN:Brainstormer"]
[Result "0-1"]
[ICCResult "White checkmated"]
[WhiteElo "406"]
[BlackElo "902"]
[Opening "Giuoco Piano"]
[ECO "C50"]
[NIC "IG.02"]
[Time "12:31:19"]
[PlyCount "52"]
[TimeControl "1500+5"]

1. e4 e5 2. Nf3 Nc6 3. Bc4 Bc5 4. O-O Nf6 5. Nc3 O-O 6. d3 d6 7. Bg5 Bg4 8.
Nd5 Nd4 9. h3 Nxf3+ 10. gxf3 Bxh3 11. Re1 c6 12. Nxf6+ gxf6 13. Bh6 Re8 14.
Qd2 Kh8 15. Kh2 Be6 16. Rg1 Rg8 17. Rxg8+ Qxg8 18. Qe1 Qg6 19. Qf1 Qxh6+ 20.
Kg1 Rg8+ 21. Qg2 Rxg2+ 22. Kxg2 Qh3+ 23. Kg1 Qxf3 24. Kh2 Qxf2+ 25. Kh1 Bh3
26. Rg1 Qxg1# {White checkmated} 0-1

[Event "ICC tourney 2772 (25 5)"]
[Site "Internet Chess Club"]
[Date "2021.12.19"]
[Round "2"]
[White "KUCHIBHATLA, ARNAV:ArnavTheGreat"]
[Black "WANG, KYLER:Kyler"]
[Result "1-0"]
[ICCResult "Black resigns"]
[WhiteElo "866"]
[BlackElo "592"]
[Opening "Giuoco Pianissimo: Canal variation"]
[ECO "C47"]
[NIC "KP.06"]
[Time "12:31:27"]
[PlyCount "55"]
[TimeControl "1500+5"]

1. e4 e5 2. Nf3 Nc6 3. Nc3 Nf6 4. Bc4 Bc5 5. d3 d6 6. Bg5 h6 7. Bxf6 Qxf6 8.
Nd5 Qd8 9. a3 Be6 10. Nc3 Bxc4 11. dxc4 Na5 12. b4 Bb6 13. bxa5 Bxa5 14. Qd3
Bxc3+ 15. Qxc3 Qf6 16. Rb1 b6 17. Qb4 c5 18. Qb5+ Kf8 19. Qc6 Ke7 20. Qd5
Rhb8 21. a4 a5 22. Qc6 Ra6 23. Qc7+ Ke6 24. Qxb8 Qf4 25. Qc8+ Ke7 26. Qxa6
Qxe4+ 27. Kd1 Qe2+ 28. Kxe2 {Black resigns} 1-0